 Dungeon Crawl Stone Soup version 0.29.1-12-g30fa7ad0bf (webtiles) character file.

Game seed: 13270868034249257010

133 CaptainMV the Stinger (level 4, -2/34 HPs)
             Began as a Draconian Venom Mage on Dec 16, 2022.
             Was an Initiate of Vehumet.
             Slain by a gnoll sergeant
             ... wielding a +0 spear of freezing
              (5 damage)
             ... on level 4 of the Dungeon.
             The game lasted 00:24:33 (3539 turns).

CaptainMV the Stinger (Draconian Venom Mage)        Turns: 3539, Time: 00:24:34

Health: -2/34      AC:  6    Str: 10    XL:     4   Next: 94%
Magic:  6/8        EV: 12    Int: 17    God:    Vehumet [......]
Gold:   123        SH:  0    Dex: 12    Spells: 7/9 levels left

rFire   . . .      SeeInvis .   y - +0 flail (drain)
rCold   . . .      Faith    .   (no shield)
rNeg    . . .      Spirit   .   (body armour unavailable)
rPois   .          Reflect  .   (helmet restricted)
rElec   .          Harm     .   e - +0 cloak
rCorr   .          Rampage  .   (no gloves)
Will    .....                   (no boots)
Stlth   ++........              (no amulet)
HPRegen 0.11/turn               k - ring of flight
MPRegen 0.11/turn               (no ring)

@: flying
A: AC +5, unfitting armour, cold-blooded
a: Renounce Religion


You were on level 4 of the Dungeon.
You worshipped Vehumet.
Vehumet was noncommittal.
You visited 2 branches of the dungeon, and saw 5 of its levels.

You collected 123 gold pieces.

Inventory:

Hand Weapons
 b - a +0 dagger
 y - a +0 flail of draining (weapon)
Missiles
 z - 4 boomerangs (quivered)
Armour
 e - a +0 cloak (worn)
Jewellery
 d - an amulet of the acrobat
 g - a ring of positive energy
 j - a ring of resist corrosion
 k - a ring of flight (left hand)
 l - a ring of poison resistance
 p - a ring of see invisible
 r - an amulet of faith
 u - an amulet of faith
Scrolls
 c - a scroll of magic mapping {unknown}
 h - 2 scrolls of amnesia {unknown}
 m - a scroll of butterflies {unknown}
 q - a scroll of summoning {unknown}
 s - 2 scrolls of identify {unknown}
 t - a scroll of noise {unknown}
 v - a scroll of brand weapon {unknown}
 w - a scroll of silence {unknown}
 x - a scroll of teleportation {unknown}
Potions
 a - a potion of magic
 f - 2 potions of curing {unknown}
 i - 2 potions of might {unknown}
 n - a potion of degeneration {unknown}
 o - 2 potions of brilliance {unknown}


   Skills:
 + Level 0.3 Fighting
 + Level 0.7 Short Blades
 + Level 2.1 Dodging
 + Level 2.6 Stealth
 + Level 3.0 Spellcasting
 + Level 0.2 Conjurations
 + Level 1.6 Transmutations
 + Level 0.1 Air Magic
 + Level 3.8 Poison Magic


You had 7 spell levels left.
You knew the following spells:

 Your Spells              Type           Power      Damage    Failure   Level
a - Sting                 Tmut/Pois      44%        1d5       5%          1
b - Shock                 Conj/Air       12%        1d3       16%         1

Your spell library contained the following spells:

 Spells                   Type           Power      Damage    Failure   Level
 Poisonous Vapours        Pois/Air       18%        N/A       12%         2
 Mephitic Cloud           Conj/Pois/Air  7%         N/A       28%         3
 Olgreb's Toxic Radiance  Pois           15%        N/A       34%         4
 Swiftness                Air            3%         N/A       43%         3
 Airstrike                Air            1%         2d(1-17)  85%         4


Dungeon Overview and Level Annotations

Branches:
Dungeon (4/15)             Temple (1/1) D:4

Altars:
Ashenzari
Dithmenos
Elyvilon
Fedhas
Gozag
Hepliaklqana
Kikubaaqudgha
Makhleb
Nemelex Xobeh
Okawaru
Qazlal
Ru
Sif Muna
Trog
Uskayaw
Vehumet
Wu Jian
Xom
Yredelemnul
Zin
The Shining One

Annotations:
D:4 Ijyb


Innate Abilities, Weirdness & Mutations

Your plain brown scales are hard. (AC +5)
You cannot fit into any form of body armour.
You are cold-blooded and may be slowed by cold attacks.


Message History

* * * LOW HITPOINT WARNING * * *
Ijyb attacks as you move away! Ijyb hits you but does no damage.
You're too confused to cast spells.
Unknown command.
You feel yourself speed up. The howler monkey hits you.
* * * LOW HITPOINT WARNING * * *
The gnoll sergeant barely misses you.
A giant cockroach comes into view.
You feel less confused.
Casting: Shock (safe; 16% risk of failure)
Confirm with . or Enter, or press ? or * to list all spells.
Aiming: Shock (safe; 16% risk of failure)
Press: ? - help, Shift-Dir - straight line, p - Ijyb The zap hits the howler monkey.
The howler monkey is lightly wounded.
The zap misses the gnoll sergeant.
The zap hits the orc.
The orc is lightly wounded.
The ball python hisses angrily.
A ball python comes into view.
The howler monkey misses you. Ijyb closely misses you.
The gnoll sergeant hits you but does no damage.
The howler monkey hits you but does no damage.
Casting: Shock (safe; 16% risk of failure)
Confirm with . or Enter, or press ? or * to list all spells.
Aiming: Shock (safe; 16% risk of failure)
Press: ? - help, Shift-Dir - straight line The zap hits the howler monkey.
The howler monkey is moderately wounded.
The zap hits the iguana but does no damage.
The zap hits the orc.
The orc is heavily wounded.
The zap hits the orc.
The orc is almost dead.
The zap hits the gnoll sergeant but does no damage.
The howler monkey hits you but does no damage.
Ijyb screams, "Level is mine!
All mine!"
Ijyb hits you but does no damage.
The gnoll sergeant hits you from afar with a +0 spear of freezing.
You die...

.. #....# ..##
##..รท.# #..#
#..#..## ..#
##..##.S# .#
#.##
##..####.## .
#..###..## #.B#
.# ##..##..##
##.## .#
........#
#..#..#
...###..#
##@#..## #.##
##..# ##hg...#
..# ##.#
###gl..### ..#
#.###..o...#
.##
#....J.##...#
.# ##...###
....# .#
#.....## ....#
..# #......#
....# ....
#..#..........#


You could see a gnoll sergeant, Ijyb, a howler monkey, an iguana, an orc, an
endoplasm, a giant cockroach and a ball python.

Vanquished Creatures
  2 iguanas (D:4)
  2 adders (D:2)
  2 worms
  2 dart slugs
  4 orcs (D:4)
  4 ball pythons
  5 endoplasms
  4 giant cockroaches
  5 goblins
  A hobgoblin (D:2)
  8 kobolds
  4 quokkas
  A bat (D:1)
  2 frilled lizards (D:2)
  5 rats
51 creatures vanquished.

Vanquished Creatures (others)
  6 demonic plants (D:2)
  4 fungi (D:2)
  9 plants (D:2)
  6 withered plants (D:2)
25 creatures vanquished.

Grand Total: 76 creatures vanquished

Notes
Turn   | Place    | Note
-------+----------+-------------------------------------------
     0 | D:1      | CaptainMV the Draconian Venom Mage began the quest for the
                  | Orb.
     0 | D:1      | Reached XP level 1. HP: 14/14 MP: 3/3
    88 | D:1      | Reached XP level 2. HP: 17/20 MP: 0/5
   760 | D:2      | Learned a level 1 spell: Shock
   867 | D:2      | Reached XP level 3. HP: 25/26 MP: 4/6
  1267 | D:2      | Found a faded altar of an unknown god.
  1979 | D:3      | Found a hide-covered altar of Uskayaw.
  2480 | D:3      | Reached XP level 4. HP: 28/33 MP: 8/8
  2711 | D:4      | Found a staircase to the Ecumenical Temple.
  2754 | Temple   | Entered the Ecumenical Temple
  3208 | Temple   | Became a worshipper of Vehumet
  3515 | D:4      | Noticed Ijyb
  3534 | D:4      | Noticed a gnoll sergeant
  3539 | D:4      | Slain by a gnoll sergeant

Illustrated notes

Levels and vault maps discovered:
D:1:      spicycebolla_arrival_xxxplode, layout_basic,
          hangedman_abyss_or_decor_lesser_grid, skrybe_limestone_x
D:2:      layout_basic, shapermc_ecumenical_altar_gd
D:3:      layout_basic, mainiacjoe_overflow_boulevard, minmay_door_square,
          kennysheep_nondescript, minmay_misc_feat_iff
D:4:      minmay_chambers_of_threes, layout_layer_cave, temple_pool_b,
          minmay_manual_mail, uniq_ijyb
Temple:   nicolae_temple_slightly_damp_pantheon

Skill      XL: |  1  2  3  4 |
---------------+-------------+-----
Stealth        | 2 |  2.6
Dodging        | 2 |  2.1
Spellcasting   | 3 |  3.0
Fighting       | |  0.3
Short Blades   | |  0.7
Conjurations   | |  0.2
Transmutations | |  1.6
Air Magic      | |  0.1
Poison Magic   | |  3.8

Action                   |  1- 3 |  4- 6 || total
-------------------------+-------+-------++-------
Melee: Dagger            |    98 |    19 ||   117
       Tailslap          |    11 |     4 ||    15
       Flail             |       |    10 ||    10
 Cast: Sting             |    25 |    15 ||    40
       Shock             |     7 |     6 ||    13
 Stab: Sleeping          |     7 |     1 ||     8
Armor: Skin              |    32 |    10 ||    42
Dodge: Dodged            |    56 |    29 ||    85
